 Dungeon Crawl Stone Soup version 0.30-a0-330-g8f2769a82d (webtiles) character file.

Game seed: 3140656119109051741

27 Harunobu the Trooper (level 3, 0/24 HPs)
             Began as a Gargoyle Monk on Oct 29, 2022.
             Slain by Crazy Yiuf
             ... wielding a +2 quarterstaff of chaos
              (7 damage)
             ... on level 2 of the Dungeon.
             The game lasted 00:01:37 (1231 turns).

Harunobu the Trooper (Gargoyle Monk)                Turns: 1231, Time: 00:01:37

Health: 0/24       AC:  5    Str: 16    XL:     3   Next: 10%
Magic:  3/3        EV: 12    Int: 10    God:
Gold:   32         SH:  0    Dex: 12    Spells: 2/2 levels left

rFire   . . .      SeeInvis .    a - +0 mace
rCold   . . .      Faith    .    (no shield)
rNeg    + . .      Spirit   .    b - +0 robe
rPois   ∞          Reflect  .    (no helmet)
rElec   +          Harm     .    e - scarf {repulsion}
rCorr   .          Rampage  .    (no gloves)
Will    .....                    (no boots)
Stlth   ++........               (no amulet)
HPRegen 0.24/turn                (no ring)
MPRegen 0.08/turn                (no ring)

@: repel missiles
A: sickness immunity, AC +3, negative energy resistance 1, electricity
resistance, torment resistance 1, petrification resistance
a: no special abilities


You were on level 2 of the Dungeon.
You visited 1 branch of the dungeon, and saw 2 of its levels.

You collected 32 gold pieces.

Inventory:

Hand Weapons
 a - a +0 mace (weapon)
Armour
 b - a +0 robe (worn)
 e - a scarf of repulsion (worn)
Scrolls
 f - a scroll of vulnerability {unknown}
 j - a scroll of identify {unknown}
 k - a scroll of enchant weapon {unknown}
Potions
 c - a potion of ambrosia
 d - a potion of curing {unknown}
 g - a potion of mutation {unknown}
 h - 3 potions of degeneration {unknown}
 i - a potion of haste {unknown}


   Skills:
 + Level 3.7 Fighting
 - Level 3.0 Maces & Flails
 + Level 2.8 Dodging
 + Level 3.0 Stealth


You had 2 spell levels left.
You didn't know any spells.
Your spell library contained the following spells:

 Spells                   Type           Power      Damage    Failure   Level
 Apportation              Tloc           0%         N/A       36%         1
 Sandblast                Erth           0%         2d4       36%         1
 Passwall                 Tmut/Erth      0%         N/A       50%         2
 Stone Arrow              Conj/Erth      0%         3d7       75%         3
 Alistair's Intoxication  Tmut/Pois      0%         N/A       100%        5


Dungeon Overview and Level Annotations

Branches:
Dungeon (2/15)

Altars:

Annotations:
D:2 Crazy Yiuf


Innate Abilities, Weirdness & Mutations

You are immune to sickness and miasma.
Your stone body is resilient. (AC +3)
You are immune to poison.
You resist negative energy. (rN+)
You are resistant to electric shocks. (rElec)
You are resistant to unholy torment.
You are immune to petrification.


Message History

There is a stone staircase leading down here.
You climb downwards.
There is a stone staircase leading up here.
You open the door.
Found 5 javelins.
An endoplasm comes into view.
The endoplasm quivers.
The endoplasm freezes you.
You are frozen.
You see here 5 javelins.
You thump the endoplasm!
You kill the endoplasm!
HP restored.
k - a scroll labelled KEAHAB WUXEMMI A hobgoblin comes into view.
You hit the hobgoblin.
You kill the hobgoblin!
Your Stealth skill increases to level 3!
You start waiting.
Done waiting.
You open the door.
There is an open door here.
Found a hammer.
Found a runed translucent door.
Crazy Yiuf shouts!
You open the door.
Crazy Yiuf cries, "Papa alas fast!"
You completely miss Crazy Yiuf.
Crazy Yiuf screams, "Ice pontify arga!"
Crazy Yiuf hits you with a +2 quarterstaff of chaos.
You barely miss Crazy Yiuf. Crazy Yiuf barely misses you. x2
You closely miss Crazy Yiuf.
Crazy Yiuf hits you with a +2 quarterstaff of chaos.
Crazy Yiuf burns you.
You closely miss Crazy Yiuf.
Crazy Yiuf hits you with a +2 quarterstaff of chaos!
* * * LOW HITPOINT WARNING * * *
You resist with some effort.
You barely miss Crazy Yiuf.
Crazy Yiuf hits you with a +2 quarterstaff of chaos!
You die...

### ♣♣####+# #)..#♣♣
♣♣.#....#
#...g@♣♣♣♣......#####
#...#♣..♣......##...#
### ♣♣♣.♣..#.###...#
♣♣♣♣♣##..#...#
#..#..<##
#####..'...'.
#......#...##
###############...##
#...........# #.....


You could see Crazy Yiuf.

Vanquished Creatures
  4 bats (D:1)
  An endoplasm (D:2)
  2 giant cockroaches (D:1)
  4 goblins (D:1)
  5 hobgoblins
  A kobold (D:1)
  2 ball pythons (D:1)
  5 rats (D:1)
24 creatures vanquished.

Notes
Turn   | Place    | Note
-------+----------+-------------------------------------------
     0 | D:1      | Harunobu the Gargoyle Monk began the quest for the Orb.
     0 | D:1      | Reached XP level 1. HP: 14/14 MP: 1/1
   278 | D:1      | Reached XP level 2. HP: 16/19 MP: 2/2
   781 | D:1      | Reached XP level 3. HP: 20/24 MP: 3/3
  1222 | D:2      | Found a runed translucent door.
  1223 | D:2      | Noticed Crazy Yiuf
  1231 | D:2      | Slain by Crazy Yiuf

Illustrated notes

Levels and vault maps discovered:
D:1:      dpeg_arrival_shelter, layout_loops_ring
D:2:      minmay_general_purpose_star, layout_basic, basic_altar, uniq_natasha,
          uniq_crazy_yiuf_cottage

Skill      XL: |  1  2  3 |
---------------+----------+-----
Stealth        | 3 |  3.0
Fighting       | |  3.7
Maces & Flails | |  3.0
Dodging        | |  2.8

Action                   || total
-------------------------++-------
Melee: Mace              ||    87
       Punch             ||     1
 Stab: Sleeping          ||     5
Armor: Robe              ||    35
Dodge: Dodged            ||    66

Table legend: (Time is in decaauts)
 A = Elapsed time spent in this place.
 B = Non-inter-level travel time spent in this place.
 C = Inter-level travel time spent in this place.
 D = Time resting spent in this place.
 E = Time spent auto-exploring this place.
 F = Levels seen in this place.
 G = Mean time per level.
                   A        B        C        D        E       F      G
               +--------+--------+--------+--------+--------+-----+--------+
         Total |   1252 |   1227 |     25 |    494 |    454 |   2 |  626.0 |
       Dungeon |   1252 |   1227 |     25 |    494 |    454 |   2 |  626.0 |
               +--------+--------+--------+--------+--------+-----+--------+

Top non-repeatable levels by time:
     D:1: 1067 daAuts
     D:2: 185 daAuts
